 Dungeon Crawl Stone Soup version 0.29-a0-620-g13ace881f2 (webtiles) character file.

Game seed: 17128428282194977304

367 happo123 the Ruffian (level 6, -6/57 HPs)
             Began as a Troll Transmuter on June 18, 2022.
             Mangled by a gnoll sergeant
             ... wielding a +2 spear of flaming
              (8 damage)
             ... on level 4 of the Dungeon.
             The game lasted 00:11:58 (2365 turns).

happo123 the Ruffian (Troll Transmuter)             Turns: 2365, Time: 00:11:58

Health: -6/57      AC:  6    Str: 21    XL:     6   Next: 41%
Magic:  4/7        EV: 10    Int: 13    God:
Gold:   254        SH:  0    Dex: 10    Spells: 5/8 levels left

rFire   x . .      SeeInvis +   n - +5 whip of Nibb {freeze, Str+2 Int+2 SInv}
rCold   + . .      Faith    .   (no shield)
rNeg    . . .      Spirit   .   a - +0 robe
rPois   .          Reflect  .   (helmet restricted)
rElec   .          Harm     .   t - +1 cloak
rCorr   .          Rampage  .   (gloves unavailable)
Will    .....                   (boots unavailable)
Stlth   +.........              (no amulet)
HPRegen 0.99/turn               j - ring of see invisible
MPRegen 0.10/turn               u - ring of ice

@: wereblooded
A: large, unfitting armour, claws 3, regeneration 1, shaggy fur 1, tough skin 1
a: no special abilities


You were on level 4 of the Dungeon.
You visited 1 branch of the dungeon, and saw 5 of its levels.

You collected 254 gold pieces.

Inventory:

Hand Weapons
 n - the +5 whip of Nibb (weapon) {freeze, Str+2 Int+2 SInv}
   (You found it on level 2 of the Dungeon)

   It freezes those it strikes, dealing additional cold damage.
   It can also slow down cold-blooded creatures.
   Str:       It affects your strength (+2).
   Int:       It affects your intelligence (+2).
   SInv:      It lets you see invisible.
 v - a +0 hunting sling of freezing
Armour
 a - a +0 robe (worn)
 t - a +1 cloak (worn)
Magical Staves
 s - a staff of cold
Jewellery
 j - a ring of see invisible (left claw)
 u - a ring of ice (right claw)
Scrolls
 d - 3 scrolls of identify
 e - 2 scrolls of teleportation
 h - a scroll of noise {unknown}
 k - 2 scrolls of vulnerability
 l - a scroll of torment {unknown}
 p - a scroll of summoning {unknown}
 q - a scroll of magic mapping {unknown}
Potions
 b - a potion of lignification
 c - a potion of invisibility {unknown}
 f - 2 potions of curing {unknown}
 g - 4 potions of heal wounds
 i - a potion of attraction {unknown}
 m - a potion of ambrosia {unknown}
 o - a potion of brilliance {unknown}
 r - 2 potions of flight {unknown}


   Skills:
 + Level 1.9 Fighting
 + Level 2.3 Dodging
 * Level 4.4 Unarmed Combat
 + Level 1.8 Spellcasting
 * Level 2.9 Transmutations
 + Level 1.4 Ice Magic


You had 5 spell levels left.
You knew the following spells:

 Your Spells              Type           Power      Damage    Failure   Level
a - Beastly Appendage     Tmut           16%        N/A       8%          1
b - Wereblood             Tmut           8%         N/A       12%         2

Your spell library contained the following spells:

 Spells                   Type           Power      Damage    Failure   Level
 Spider Form              Tmut/Pois      5%         N/A       38%         3
 Ice Form                 Ice/Tmut       10%        N/A       71%         4


Dungeon Overview and Level Annotations

Branches:
Dungeon (5/15)
 Temple: D:4-7

Altars:
Dithmenos
Yredelemnul

Shops:
D:1 (


Innate Abilities, Weirdness & Mutations

You are too large for most types of armour.
You have claws for hands.
Your natural rate of healing is unusually fast.
You are covered in fur. (AC +1)
You have tough skin. (AC +1)


Message History

The gnoll sergeant burns you.
The gnoll sergeant completely misses you.
The gnoll sergeant blocks your attack.
You claw the gnoll sergeant.
Your headbutt misses the gnoll sergeant.
The gnoll sergeant is severely wounded.
The gnoll sergeant hits you with a +2 spear of flaming.
The gnoll sergeant burns you.
You hit the gnoll sergeant but do no damage.
The gnoll sergeant blocks your attack.
The gnoll sergeant is severely wounded.
The gnoll sergeant hits you with a +2 spear of flaming.
The gnoll sergeant burns you. The gnoll barely misses you.
The gnoll sergeant barely misses you.
You climb upwards.
Your horns disappear.
Your talons disappear.
There is a stone staircase leading down, spattered with blood here.
The gnoll sergeant blocks your attack.
The gnoll sergeant is severely wounded.
The gnoll sergeant closely misses you.
You hit the gnoll sergeant but do no damage.
The gnoll sergeant is severely wounded.
The gnoll sergeant hits you with a +2 spear of flaming.
The gnoll sergeant burns you.
* * * LOW HITPOINT WARNING * * *
You hit the gnoll sergeant. You freeze the gnoll sergeant.
The gnoll sergeant is almost dead.
The gnoll sergeant hits you with a +2 spear of flaming.
* * * LOW HITPOINT WARNING * * *
The gnoll sergeant burns you.
* * * LOW HITPOINT WARNING * * *
The gnoll sergeant blocks your attack.
The gnoll sergeant is almost dead.
The gnoll sergeant hits you with a +2 spear of flaming.
* * * LOW HITPOINT WARNING * * *
The gnoll sergeant burns you.
* * * LOW HITPOINT WARNING * * *
You barely miss the gnoll sergeant.
The gnoll sergeant is almost dead.
The gnoll sergeant hits you with a +2 spear of flaming!
You die...

..#.#.......#.......#####
......##....##...#.##
........#...##...#..#
..#.#..##..........##
..####..####.#.##..## .##
#...##....#....## ..#
#...........<...# #.#
###........).....#
..###........##)@...##
........##....##g....#
...#..#####........###
...#### ##.......# ....#
####.##..### ...##
#.........#
...######..##....##
...##...#..##.#####
##.........#..#.#.##


You could see a gnoll sergeant.

Vanquished Creatures
  A scorpion (D:4)
  An orc priest (D:3)
  A hound (D:4)
  Jessica (D:2)
  Terence (D:3)
  2 iguanas (D:4)
  2 gnolls (D:4)
  3 adders
  2 worms
  A dart slug (D:3)
  14 orcs
  6 ball pythons
  4 bats
  4 endoplasms
  2 giant cockroaches
  8 goblins
  6 hobgoblins
  4 jackals
  3 kobolds
  4 quokkas
  3 frilled lizards
  6 rats
79 creatures vanquished.

Vanquished Creatures (others)
  A plant (D:1)
1 creature vanquished.

Grand Total: 80 creatures vanquished

Notes
Turn   | Place    | Note
-------+----------+-------------------------------------------
     0 | D:1      | happo123 the Troll Transmuter began the quest for the Orb.
     0 | D:1      | Reached XP level 1. HP: 18/18 MP: 1/1
   250 | D:1      | Found Fasmapt's Antique Weapon Shop.
   255 | D:1      | Reached XP level 2. HP: 26/26 MP: 0/2
   272 | D:1      | Reached skill level 1 in Fighting
   408 | D:1      | Reached XP level 3. HP: 32/33 MP: 4/4
   411 | D:1      | Learned a level 2 spell: Wereblood
   489 | D:1      | Found a faded altar of an unknown god.
  1013 | D:2      | Identified the +5 whip of Nibb {freeze, Str+2 Int+2 SInv}
  1109 | D:2      | Noticed Jessica
  1114 | D:2      | Killed Jessica
  1115 | D:2      | Reached XP level 4. HP: 40/41 MP: 5/5
  1384 | D:3      | Reached XP level 5. HP: 18/48 MP: 3/6
  1445 | D:3      | Found a basalt altar of Yredelemnul.
  1445 | D:3      | Found a shadowy altar of Dithmenos.
  1506 | D:3      | Reached skill level 1 in Ice Magic
  1773 | D:3      | Noticed Terence
  1780 | D:3      | Killed Terence
  1781 | D:3      | Reached skill level 4 in Unarmed Combat
  2072 | D:4      | Reached XP level 6. HP: 53/57 MP: 7/7
  2321 | D:5      | Entered Level 5 of the Dungeon
  2364 | D:4      | HP: 1/57 [gnoll sergeant/+2 spear of flaming (3)]
  2365 | D:4      | Mangled by a gnoll sergeant

Illustrated notes

Levels and vault maps discovered:
D:1:      amcnicky_arrival_abandoned_market, layout_rooms, serial_forest,
          infiniplex_forest_clump_small, infiniplex_forest_clump_cross,
          infiniplex_forest_lined_3_way, infiniplex_forest_lined_corner,
          infiniplex_forest_clump_long, infiniplex_forest_lined_2,
          infiniplex_forest_lined_2, infiniplex_forest_straight_3, serial_shops,
          nicolae_shop_temple_entry_statues_fountains,
          shapermc_ecumenical_altar_ellora
D:2:      layout_loops_cross, minmay_tetromino_t2, uniq_jessica
D:3:      layout_basic, gammafunk_temple_overflow_statue, uniq_terence
D:4:      layout_cave_pools
D:5:      layout_basic, okawaru_ov_weapons_minmay, temple_pool_b

Skill      XL: |  1  2  3  4  5 |
---------------+----------------+-----
Fighting       | 1 |  1.9
Transmutations | 2 |  2.9
Dodging        | 2 |  2.3
Ice Magic      | 1 |  1.4
Unarmed Combat | 4 |  4.4
Spellcasting   | |  1.8

Action                   |  1- 3 |  4- 6 || total
-------------------------+-------+-------++-------
Melee: Unarmed           |    99 |       ||    99
       Kick              |     4 |    14 ||    18
       Headbutt          |     2 |     6 ||     8
       Whip              |     5 |   109 ||   114
       Punch             |       |     1 ||     1
 Cast: Beastly Appendage |     4 |    10 ||    14
       Wereblood         |       |     3 ||     3
  Use: Scroll            |       |     3 ||     3
 Stab: Sleeping          |     1 |       ||     1
Armor: Robe              |    33 |    29 ||    62
Dodge: Dodged            |    33 |    54 ||    87

Table legend: (Time is in decaauts)
 A = Elapsed time spent in this place.
 B = Non-inter-level travel time spent in this place.
 C = Inter-level travel time spent in this place.
 D = Time resting spent in this place.
 E = Time spent auto-exploring this place.
 F = Levels seen in this place.
 G = Mean time per level.
                   A        B        C        D        E       F      G
               +--------+--------+--------+--------+--------+-----+--------+
         Total |   2371 |   2065 |    306 |     11 |   1460 |   5 |  474.2 |
       Dungeon |   2371 |   2065 |    306 |     11 |   1460 |   5 |  474.2 |
               +--------+--------+--------+--------+--------+-----+--------+

Top non-repeatable levels by time:
     D:1: 747 daAuts
     D:2: 595 daAuts
     D:4: 515 daAuts
     D:3: 500 daAuts
     D:5: 12 daAuts
